 Dungeon Crawl Stone Soup version 0.30-b1-2-g02819fbbbe (webtiles) character file.

Game seed: 3098620782595198173

313 Lolow the Chopper (level 6, -16/41 (48) HPs)
             Began as a Human Berserker on May 17, 2023.
             Was a Believer of Trog.
             Demolished by a wight
             ... wielding a +6 halberd of freezing
              (18 damage)
             ... in an ossuary.
             The game lasted 00:11:51 (2473 turns).

Lolow the Chopper (Human Berserker)                 Turns: 2473, Time: 00:11:51

HP:   -16/41 (48)   AC: 11    Str: 19    XL:     6   Next: 71%
MP:   6/6           EV:  6    Int:  8    God:    Trog [**....]
Gold: 191           SH:  0    Dex: 12    Spells: 5/5 levels left

rFire   . . .        a - +0 hand axe
rCold   . . .        (no shield)
rNeg    . . .        l - +0 plate armour
rPois   .            (no helmet)
rElec   .            (no cloak)
rCorr   .            (no gloves)
SInv    .            (no boots)
Will    ++...        (no amulet) Stlth
                     (no ring)
HPRegen 1.26/turn    (no ring)
MPRegen 0.10/turn

%: no passive effects
@: about to teleport, strong-willed, regenerating, heavily drained
A: no striking features
a: Renounce Religion, Berserk, Trog's Hand


You were in an ossuary.
You worshipped Trog.
Trog was pleased with you.
You visited 1 branch of the dungeon, and saw 4 of its levels.
You also visited: Ossuary.

You collected 191 gold pieces.

Inventory:

Hand Weapons
 a - a +0 hand axe (weapon)
Armour
 b - a +0 animal skin
 h - a +0 chain mail
 k - a +0 scale mail
 l - a +0 plate armour (worn)
Magical Staves
 p - a staff of conjuration
Jewellery
 c - a +6 ring of intelligence
Scrolls
 d - 2 scrolls of torment
 e - a scroll of fear {unknown}
 f - 2 scrolls of vulnerability
 g - 3 scrolls of teleportation
 i - 4 scrolls of poison {unknown}
 j - a scroll of noise {unknown}
 m - a scroll of brand weapon {unknown}
 r - a scroll of identify
 s - a scroll of blinking {unknown}
Potions
 n - a potion of curing
 o - a potion of ambrosia
 q - a potion of resistance {unknown}
 t - a potion of magic {unknown}


   Skills:
 + Level 4.1 Fighting
 + Level 5.0 Axes
 + Level 3.7 Armour
 + Level 2.6 Dodging
 + Level 0.6 Stealth


You had 5 spell levels left.
You didn't know any spells.
Your spell library contained the following spells:

 Spells                   Type           Power      Damage    Failure   Level
 Inner Flame              Hex/Fire       0%         N/A       100%        3
 Yara's Violent Unravell  Hex/Tmut       0%         3d3       100%        5
 Enfeeble                 Hex            0%         N/A       100%        7


Dungeon Overview and Level Annotations

Branches:
Dungeon (4/15)            Ossuary (1/1)
 Temple: D:4-7

Altars:

Annotations:
D:1 1 transporter


Message History

The wight barely misses you.
You barely miss the wight.
The wight is lightly damaged.
The wight hits you with a +6 halberd of freezing!
You feel drained. The wight freezes you.
You closely miss the wight.
The wight is lightly damaged.
The wight closely misses you.
You closely miss the wight.
The wight is lightly damaged.
The wight hits you with a +6 halberd of freezing.
The wight freezes you.
Your skin crawls.
You feel strong-willed.
The wight hits you with a +6 halberd of freezing.
You feel drained. The wight freezes you.
You closely miss the wight.
The wight is lightly damaged.
The wight hits you with a +6 halberd of freezing!
* * * LOW HITPOINT WARNING * * *
You feel drained.
* * * LOW HITPOINT WARNING * * *
The wight freezes you.
* * * LOW HITPOINT WARNING * * *
You feel better.
The wight hits you with a +6 halberd of freezing.
* * * LOW HITPOINT WARNING * * *
The wight freezes you.
* * * LOW HITPOINT WARNING * * *
As you read the scroll of teleportation, it crumbles to dust.
You feel strangely unstable.
The wight hits you with a +6 halberd of freezing.
* * * LOW HITPOINT WARNING * * *
You feel drained.
* * * LOW HITPOINT WARNING * * *
The wight freezes you.
* * * LOW HITPOINT WARNING * * *
The wight attacks as you move away! The wight barely misses you.
The wight hits you from afar with a +6 halberd of freezing!!
You die...

##..........###...#...∩
##.......#.# ######...
##.....#### ###.
##...## ## ###'### #
#.'.'.# ###.### #.'.'.#
###@### +.'z# #.### +.+
#.# +.+ #.# #+#


You could see a wight.

Vanquished Creatures
  A howler monkey (D:3)
  An orc priest (D:4)
  A jelly (D:4)
  Natasha (twice) (D:2)
  3 orc wizards
  3 adders (D:3)
  A dart slug (D:1)
  11 orcs
  A ball python (D:3)
  2 bats
  3 endoplasms
  A giant cockroach (D:1)
  2 hobgoblins (D:1)
  2 jackals (D:1)
  2 quokkas (D:1)
  2 ball python skeletons (Ossuary)
  3 frilled lizards
  6 goblins
  A hobgoblin skeleton (Ossuary)
  3 kobolds
  A kobold zombie (Ossuary)
  6 rats
58 creatures vanquished.

Notes
Turn   | Place    | Note
-------+----------+-------------------------------------------
     0 | D:1      | Lolow the Human Berserker began the quest for the Orb.
     0 | D:1      | Reached XP level 1. HP: 18/18 MP: 1/1
   142 | D:1      | Reached XP level 2. HP: 10/24 MP: 2/2
   449 | D:1      | Reached XP level 3. HP: 23/29 MP: 3/3
   749 | D:2      | Noticed Natasha
   758 | D:2      | Killed Natasha
   945 | D:2      | Reached XP level 4. HP: 30/35 MP: 4/4
  1011 | D:2      | Noticed Natasha
  1024 | D:2      | Killed Natasha
  1429 | D:3      | Reached skill level 4 in Axes
  1429 | D:3      | Reached XP level 5. HP: 42/42 MP: 5/5
  1760 | D:3      | Reached XP level 6. HP: 48/48 MP: 6/6
  2222 | D:4      | Reached ** piety under Trog
  2223 | D:4      | Reached skill level 5 in Axes
  2400 | D:4      | Found a sand-covered staircase.
  2406 | Ossuary  | Entered an ossuary
  2472 | Ossuary  | HP: 2/41 [wight/+6 halberd of freezing (2)]
  2473 | Ossuary  | Demolished by a wight

Illustrated notes

Levels and vault maps discovered:
D:1:      spicycebolla_arrival_risky_transporter, layout_rooms,
          minmay_misc_feat_nine_boxes
D:2:      layout_rooms, uniq_natasha
D:3:      layout_basic, hangedman_glass_teeth
D:4:      layout_gridville, dreamdust_divine_triumvirate,
          nicolae_ossuary_entry_plus, minmay_manual_moon, uniq_pikel
Ossuary:  ossuary_due_cavern

Skill      XL: |  1  2  3  4  5  6 |
---------------+-------------------+-----
Axes           | 4 5 |  5.0
Armour         | 3 |  3.7
Fighting       | 4 |  4.1
Dodging        | |  2.6
Stealth        | |  0.6

Action                     |  1- 3 |  4- 6 || total
---------------------------+-------+-------++-------
  Melee: Hand axe          |    82 |   135 ||   217
         Punch             |     1 |     1 ||     2
 Invoke: Berserk           |     2 |     7 ||     9
         Trog's Hand       |       |     1 ||     1
    Use: Scroll            |     4 |     2 ||     6
         Potion            |       |     2 ||     2
   Stab: Sleeping          |     1 |       ||     1
 Armour: Animal skin       |     6 |       ||     6
         Plate armour      |     4 |    90 ||    94
  Dodge: Dodged            |    55 |    42 ||    97
